 Dungeon Crawl Stone Soup version 0.18.1-50-g88ac8fd (webtiles) character file.

7169 Chiseanne the Unseen (level 10, -1/46 HPs)
             Began as a Spriggan Assassin on Mar 29, 2017.
             Was an Initiate of Gozag.
             Slain by a wolf (11 damage)
             ... on level 11 of the Dungeon.
             The game lasted 00:40:33 (15300 turns).

Chiseanne the Unseen (Spriggan Assassin)           Turns: 15300, Time: 00:40:34

Health: -1/46      AC:  7    Str: 13    XL:     10   Next: 86%
Magic:  11/11      EV: 25    Int: 14    God:    Gozag
Gold:   213        SH:  0    Dex: 20    Spells: 0 memorised, 9 levels left

rFire  . . .     SeeInvis +     a - +2 dagger (venom)
rCold  . . .     Gourm    .     f - +2 robe {rN+}
rNeg   + . .     Faith    .     (shield restricted)
rPois  .         Spirit   .     (helmet restricted)
rElec  .         Dismiss  .     q - +2 cloak
rCorr  .         Reflect  .     (gloves unavailable)
SustAt .         Harm     .     (boots unavailable)
MR     +....                    (no amulet)
Stlth  ++++++++..               I - +4 ring of strength
                                k - +2 ring of strength

@: very slightly contaminated, very quick, somewhat resistant to hostile
enchantments, extraordinarily stealthy
A: unfitting armour, see invisible, herbivore 3, speed 3, slow metabolism 2
a: Potion Petition, Call Merchant, Bribe Branch, Renounce Religion


You were on level 11 of the Dungeon.
You worshipped Gozag.
Gozag was noncommittal.
You were not hungry.

You visited 2 branches of the dungeon, and saw 12 of its levels.
You also visited: Sewer and Ossuary.

You collected 2042 gold pieces.
You paid 1829 gold pieces to Gozag.

Inventory:

Hand Weapons
 a - a +2 dagger of venom (weapon)
 d - a +2 quarterstaff of chaos
 e - a +0 hunting sling of evasion
 s - a +4 dagger of speed
 w - a +0 blowgun
 A - a +2 scimitar of flaming
 K - the +6 hand axe "Toimionudo" {chop, rElec MR+ Dex+3 Stlth+}
   (You found it on level 10 of the Dungeon)

   It inflicts extra damage upon your enemies.
   It affects your dexterity (+3).
   It insulates you from electricity.
   It affects your resistance to hostile enchantments.
   It makes you more stealthy.
 L - a +0 quick blade
Missiles
 h - 305 stones (quivered)
 j - 94 bolts
 p - 14 tomahawks
 r - 73 arrows
 x - 4 poisoned tomahawks
 y - 16 sling bullets
 H - 10 poisoned needles
Armour
 f - a +2 robe of positive energy (worn)
 q - a +2 cloak (worn)
Jewellery
 k - a +2 ring of strength (left hand)
 m - an uncursed ring of wizardry
 I - a +4 ring of strength (right hand)
Wands
 o - a wand of teleportation (9/9)
Scrolls
 c - 3 scrolls of teleportation
 i - 3 scrolls of magic mapping
 t - 2 scrolls of remove curse
 C - 2 scrolls of fog
 D - a scroll of enchant armour
 G - a scroll of immolation
Potions
 b - 2 potions of cure mutation
 n - a potion of haste
 u - 2 potions of lignification
 v - 3 potions of flight
 z - a potion of agility
 B - a potion of magic
 E - a potion of ambrosia {unknown}
 F - a potion of brilliance
Comestibles
 g - 9 bread rations


   Skills:
 - Level 1.5 Fighting
 + Level 8.1 Short Blades
 - Level 2.0 Throwing
 + Level 12.1 Dodging
 * Level 18.3 Stealth


You had 9 spell levels left.
You didn't know any spells.

Dungeon Overview and Level Annotations

Branches:
Dungeon (11/15)            Temple (1/1) D:6
   Lair: D:8-11         Orc: D:9-12

Altars:
Ashenzari
Cheibriados
Dithmenos
Elyvilon
Fedhas
Gozag
Kikubaaqudgha
Makhleb
Nemelex Xobeh
Okawaru
Pakellas
Qazlal
Ru
Sif Muna
Trog
Vehumet
Xom
Yredelemnul
Zin
The Shining One

Shops:
D:7 (   D:8 [   D:10 (

Annotations:
D:2 exclusion: 2 doors
D:4 Menkaure


Innate Abilities, Weirdness & Mutations

You are tiny and cannot use many weapons and most armour.
You have supernaturally acute eyesight.
You are a herbivore.
You cover ground extremely quickly.
You need consume almost no food.


Message History

The electric eel is moderately wounded.
You flicker for a moment.
The electric eel shoots out a bolt of lightning at you!
The bolt of electricity hits you!
* * * LOW HITPOINT WARNING * * *
You closely miss the electric eel.
The electric eel is moderately wounded.
You strike the helpless electric eel from behind!
You skewer the electric eel like a kebab!!!
You kill the electric eel!
You now have 213 gold pieces (gained 3).
The gnoll shouts!
The wolf is distracted by your gold.
You flicker back into view.
The gnoll shouts!
The wolf howls!
The wolf is no longer distracted by gold.
There is a stone staircase leading up here.
The wolf bites you!
You die...
Your body crumbles into a pile of gold.

#...≈≈≈≈.≈≈.≈≈..#
#..≈≈≈≈≈.≈≈≈....#
#..≈≈≈≈≈g≈≈≈≈...# .#
#|.≈≈≈.≈.≈≈≈.≈≈.###.#
#...≈≈.≈.≈≈≈......O.#
#....≈...≈Y...≈.###.#
.(..=...............#
#...................####.
#.##.#######...h@........
#.... #.###....#### #.###
#.# #.....# # #.# ##...##
#.# #..## #.# #..#
###.####..# #.........#
...............#


You could see a sky beast and a wolf.

Vanquished Creatures
  Erica (D:9)
  A gargoyle (D:10)
  3 trolls
  Prince Ribbit (D:7)
  A two-headed ogre (D:9)
  A vampire (D:10)
  A spriggan (D:9)
  A wraith (D:10)
  2 hippogriffs
  A hungry ghost (D:11)
  Duvessa (D:4)
  A black bear (D:9)
  An ice beast (D:8)
  2 sky beasts
  2 phantoms
  An orc warrior (D:9)
  4 ogres
  3 centaurs
  A crocodile (D:8)
  2 big kobolds
  Blork the orc (D:5)
  7 giant frogs
  Dowan (D:4)
  A water moccasin skeleton (D:5)
  2 scorpions
  6 killer bees (D:8)
  4 wights (D:10)
  3 crimson imps
  An electric eel (D:11)
  A giant frog skeleton (D:8)
  A gnoll shaman (D:10)
  Crazy Yiuf (D:4)
  6 hounds
  3 jellies
  6 orc priests
  A centaur skeleton (D:9)
  2 iguanas
  Natasha (thrice) (D:4)
  11 orc wizards
  7 worker ants
  A hound zombie (D:8)
  4 hound skeletons
  8 mummies (Ossuary)
  3 gnolls (D:10)
  9 adders
  2 oozes (D:3)
  An adder skeleton (D:7)
  An adder zombie (D:8)
  3 dart slugs
  5 giant geckos
  47 orcs
  2 giant cockroaches (D:3)
  6 goblins
  6 hobgoblins
  17 jackals
  4 quokkas
  A sheep (D:2)
  A ball python skeleton (D:6)
  8 bats
  3 giant newts
  3 gnoll zombies (Ossuary)
  A hobgoblin zombie (Ossuary)
  14 kobolds
  2 kobold zombies (Ossuary)
  2 orc zombies (Ossuary)
  29 rats
282 creatures vanquished.

Notes
Turn   | Place    | Note
--------------------------------------------------------------
     0 | D:1      | Chiseanne the Spriggan Assassin began the quest for the Orb.
     0 | D:1      | Reached XP level 1. HP: 10/10 MP: 2/2
    12 | D:1      | Reached skill level 6 in Stealth
   374 | D:1      | Reached XP level 2. HP: 5/14 MP: 3/3
   889 | D:1      | Reached skill level 7 in Stealth
  1721 | D:2      | Reached skill level 8 in Stealth
  1721 | D:2      | Reached XP level 3. HP: 18/18 MP: 4/4
  2349 | D:2      | Reached XP level 4. HP: 22/22 MP: 5/5
  2555 | D:2      | Found a shimmering altar of Xom.
  2961 | D:2      | Reached skill level 9 in Stealth
  2985 | D:2      | Noticed a sky beast
  3020 | D:2      | Killed a sky beast
  3020 | D:2      | Reached skill level 10 in Stealth
  3020 | D:2      | Reached XP level 5. HP: 19/25 MP: 6/6
  3586 | D:3      | Found a faded altar to an unknown god.
  4032 | D:3      | Reached skill level 11 in Stealth
  4032 | D:3      | Reached XP level 6. HP: 30/30 MP: 7/7
  4986 | D:4      | Noticed Natasha
  4991 | D:4      | Killed Natasha
  5071 | D:4      | Noticed Natasha
  5118 | D:4      | Killed Natasha
  5280 | D:4      | Noticed Crazy Yiuf
  5292 | D:4      | Killed Crazy Yiuf
  5351 | D:4      | Noticed Dowan
  5354 | D:4      | Noticed Duvessa
  5363 | D:5      | Entered Level 5 of the Dungeon
  5423 | D:5      | Noticed Blork the orc
  5431 | D:5      | Killed Blork the orc
  5431 | D:5      | Reached skill level 12 in Stealth
  5475 | D:5      | Reached XP level 7. HP: 33/33 MP: 8/8
  5981 | D:5      | Reached skill level 13 in Stealth
  6336 | D:5      | Found a radiant altar of Vehumet.
  6342 | D:5      | Found a sacrificial altar of Ru.
  6538 | D:5      | Reached skill level 14 in Stealth
  6840 | D:6      | Found a glowing drain.
  6847 | Sewer    | Entered a sewer
  6952 | Sewer    | Reached XP level 8. HP: 7/37 MP: 9/9
  7208 | Sewer    | Found a glowing silver altar of Zin.
  7428 | D:6      | Found a blossoming altar of Fedhas.
  7473 | D:6      | Found a staircase to the Ecumenical Temple.
  7513 | Temple   | Entered the Ecumenical Temple
  7521 | Temple   | Became a worshipper of Gozag Ym Sagoz the Greedy
  7931 | D:4      | Noticed Natasha
  7941 | D:4      | Killed Natasha
  7941 | D:4      | Reached skill level 15 in Stealth
  8009 | D:4      | Killed Duvessa
  8209 | D:4      | Killed Dowan
  8279 | D:4      | Noticed Menkaure
  9352 | D:7      | Reached skill level 16 in Stealth
  9671 | D:7      | Found a sand-covered staircase.
  9676 | Ossuary  | Entered an ossuary
 10451 | D:7      | Noticed Prince Ribbit
 10456 | D:7      | Found a stormy altar of Qazlal.
 10492 | D:7      | Killed Prince Ribbit
 10492 | D:7      | Reached skill level 5 in Dodging
 10787 | D:7      | Reached XP level 9. HP: 35/41 MP: 10/10
 11152 | D:7      | You fall through a shaft for 2 floors!
 11152 | D:9      | Found a blossoming altar of Fedhas.
 11164 | D:9      | Noticed a troll
 11193 | D:9      | Found a shadowy altar of Dithmenos.
 11686 | D:8      | Reached skill level 5 in Short Blades
 11734 | D:8      | Found Ylau's Antique Armour Boutique.
 11814 | D:7      | Found a basalt altar of Yredelemnul.
 12002 | D:8      | Reached skill level 10 in Dodging
 12857 | D:9      | Noticed Erica
 12887 | D:9      | Killed Erica
 12887 | D:9      | Reached XP level 10. HP: 34/46 MP: 11/11
 13344 | D:9      | Reached skill level 17 in Stealth
 13495 | D:9      | Found a deep blue altar of Sif Muna.
 13496 | D:9      | Found a white marble altar of Elyvilon.
 13694 | D:9      | Found a shattered altar of Ashenzari.
 13823 | D:10     | Entered Level 10 of the Dungeon
 13870 | D:10     | Got an ancient hand axe
 13871 | D:10     | Identified the +6 hand axe "Toimionudo" {chop, rElec MR+ Dex+3 Stlth+} (You found it on level 10 of the Dungeon)
 13976 | D:10     | Noticed a gargoyle
 13980 | D:10     | Killed a gargoyle
 14593 | D:10     | Reached skill level 18 in Stealth
 15300 | D:11     | Slain by a wolf

Skill      XL: |  1  2  3  4  5  6  7  8  9 10 |
---------------+-------------------------------+-----
Stealth        | 6 8 10 11 12 14 16 18 | 18.3
Dodging        | 6 10 12 | 12.1
Short Blades   | 3 6 8 |  8.1
Fighting       | |  1.5
Throwing       | |  2.0

Action                   |  1- 3 |  4- 6 |  7- 9 | 10-12 || total
-------------------------+-------+-------+-------+-------++-------
Melee: Dagger            |    68 |   245 |   244 |   170 ||   727
       Quarterstaff      |       |       |   145 |    78 ||   223
 Fire: Blowgun           |    36 |    65 |    23 |    11 ||   135
       Hunting sling     |       |       |    32 |    31 ||    63
Throw: Stone             |       |     2 |     1 |       ||     3
       Tomahawk          |       |       |    28 |       ||    28
Invok: Call Merchant     |       |       |     1 |     1 ||     2
       Potion Petition   |       |       |     1 |       ||     1
Evoke: Wand              |       |       |     2 |       ||     2
  Use: Scroll            |     3 |     7 |    17 |     4 ||    31
       Potion            |       |     1 |     9 |     2 ||    12
 Stab: Sleeping          |    13 |    15 |    35 |    19 ||    82
       Distracted        |     1 |     1 |     3 |     4 ||     9
       Confused          |       |       |     2 |       ||     2
       Invisible         |       |       |       |     2 ||     2
  Eat: Pizza             |       |     2 |       |     8 ||    10
       Fruit             |       |     2 |       |       ||     2
       Bread ration      |       |       |     1 |       ||     1
Armor: Robe              |    12 |    37 |    60 |    18 ||   127
       Skin              |       |       |   138 |       ||   138
Dodge: Dodged            |    44 |   187 |   298 |   218 ||   747
